 Dungeon Crawl Stone Soup version 0.31-a0-981-geadf994542 (webtiles) character file.

Game seed: 10383055868324152147

4562 IdlyInterested the Blocker (level 10, -1/83 HPs)
             Began as a Demonspawn Gladiator on Nov 1, 2023.
             Slain by a yak (5 damage)
             ... on level 8 of the Dungeon.
             The game lasted 00:33:08 (8904 turns).

IdlyInterested the Blocker (Demonspawn Gladiator)   Turns: 8904, Time: 00:33:09

Health: -1/83      AC:  6    Str: 15 (17) XL:     10   Next: 18%
Magic:  0/10       EV: 11    Int: 13 (15) God:
Gold:   463        SH: 15    Dex: 11 (13) Spells: 9/9 levels left

rFire   + +          .
                       - Unarmed
rCold   + + .        U - +0 kite shield
rNeg    + . .        u - +2 robe {rC+ rF+}
rPois   .            b - +0 helmet
rElec   .            Z - scarf {rC+ rF+}
rCorr   .            (no gloves)
SInv    .            m - +0 pair of boots
Will    .....        t - amulet of guardian spirit
Stlth   ++           L - ring of flight
HPRegen 0.33/turn    W - ring of positive energy
MPRegen 0.24/turn

%: guardian spirit
@: flying
A: large bone plates 1, magic regeneration, weakness stinger 2, clever 1,
screaming 1
a: no special abilities


You were on level 8 of the Dungeon.
You visited 2 branches of the dungeon, and saw 9 of its levels.
You also visited: Sewer.

You collected 463 gold pieces.

Inventory:

Hand Weapons
 c - a +0 war axe
 e - a +1 heavy morningstar
 p - a +0 flail of draining
 q - a +0 short sword
 w - a +0 short sword of electrocution
 z - a +0 scimitar
 G - a +0 trident
 I - the +0 lajatang of Vengeance {heavy, rF++}
   (You acquired it on level 6 of the Dungeon)

   rF++:      It greatly protects you from fire.
 R - a +0 flail
Missiles
 f - 49 stones (quivered)
 S - 4 boomerangs
Armour
 b - a +0 helmet (worn)
 m - a +0 pair of boots (worn)
 u - a +2 robe of resistance (worn)
 v - a +0 plate armour
 U - a +0 kite shield (worn)
 Z - a scarf of resistance (worn)
Magical Staves
 g - a staff of poison
Jewellery
 k - a ring of ice
 t - an amulet of guardian spirit (around neck)
 L - a ring of flight (left hand)
 W - a ring of positive energy (right hand)
 X - an amulet of magic regeneration
Talismans
 y - a beast talisman
Wands
 i - a wand of mindburst (10)
 A - a wand of paralysis (12)
 H - a wand of iceblast (15)
 K - a wand of flame (37)
Scrolls
 d - 4 scrolls of amnesia
 h - a scroll of enchant armour
 n - 2 scrolls of silence
 o - 5 scrolls of teleportation
 r - 2 scrolls of revelation
 s - a scroll of identify
 x - a scroll of blinking
 B - a scroll of torment
 C - a scroll of butterflies
 E - a scroll of enchant weapon
Potions
 a - 2 potions of curing
 j - 3 potions of enlightenment
 l - 2 potions of attraction
 F - a potion of mutation
 O - 2 potions of haste
 Q - a potion of brilliance


   Skills:
 + Level 9.6 Fighting
 - Level 2.0 Throwing
 - Level 4.0 Armour
 - Level 4.0 Dodging
 - Level 2.0 Stealth
 - Level 11.0 Shields
 - Level 3.0 Unarmed Combat
 - Level 2.0 Evocations


You had 9 spell levels left.
You didn't know any spells.
Your spell library contained the following spells:

 Spells                   Type           Power      Damage    Failure   Level
 Freeze                   Ice            0%         1d3       54%         1
 Poisonous Vapours        Pois/Air       0%         N/A       69%         2
 Frozen Ramparts          Ice            0%         1d1       89%         3
 Hailstorm                Conj/Ice       0%         3d3       89%         3
 Mephitic Cloud           Conj/Pois/Air  0%         N/A       89%         3
 Volatile Blastmotes      Fire/Tloc      0%         2d10      89%         3
 Cause Fear               Hex            0%         N/A       100%        4
 Fulminant Prism          Conj/Hex       0%         3d5       100%        4
 Iskenderun's Mystic Bla  Conj/Tloc      0%         2d3       100%        4
 Fireball                 Conj/Fire      0%         3d3       100%        5
 Freezing Cloud           Conj/Ice/Air   0%         6-21      100%        5
 Dragon's Call            Summ           0%         N/A       100%        9


Dungeon Overview and Level Annotations

Branches:
Dungeon (8/15)             Temple (1/1) D:5           Sewer (visited)
   Lair: D:8-11

Altars:
Cheibriados
Dithmenos
Fedhas
Gozag
Hepliaklqana
Makhleb
Nemelex Xobeh
Okawaru
Qazlal
Ru
Sif Muna
Trog
Uskayaw
Vehumet
Wu Jian
Xom
Yredelemnul

Shops:
D:5 =   D:7 (


Innate Abilities, Weirdness & Mutations

You are partially covered in large bone plates. (SH +4)
You regenerate magic rapidly.
You have a tail ending in a sharp stinger.
Your mind is acute. (Int +4, Str/Dex -1)
You occasionally shout uncontrollably at your foes.


Message History

You hit the yak but do no damage.
The yak is lightly wounded.
The orc wizard gestures wildly while chanting.
The orc wizard flickers and vanishes!
Deactivating autopickup; reactivate with Ctrl-A.
You block the yak's attack.
You barely miss the yak.
The yak is lightly wounded.
The yak gores you but does no damage.
The orc priest mumbles some strange prayers to Beogh against you.
Beogh smites you!
* * * LOW HITPOINT WARNING * * *
You hit the yak but do no damage.
The yak is lightly wounded.
You block the yak's attack. The yak gores you!
* * * LOW HITPOINT WARNING * * *
The howler monkey howls!
You hit the yak but do no damage. You tail-slap the yak.
The yak is lightly wounded.
You hear a shout! x2
An orc wizard comes into view. It is wielding a +0 dagger.
The yak barely misses you.
You hear a shout!
You hit the yak but do no damage.
You tail-slap the yak, but do no damage.
The yak is lightly wounded.
A gnoll bouda comes into view. It is wielding a +0 whip.
You block the yak's attack.
You hit the yak.
The yak is moderately wounded.
The orc priest looks encouraged for a moment.
The orc wizard gestures wildly while chanting.
The orc wizard flickers and vanishes!
The gnoll bouda barks out a call to the hunt!
The yak gores you!
* * * LOW HITPOINT WARNING * * *
You barely miss the yak.
The yak is moderately wounded.
The yak gores you.
You die...

......#.h........# .......
....Y....h.......###.#..#
......##......##..##...#
...... #......###.##..#
..Y...##..........##..# ..
........oh.###.#......#####.#
...#.#.##..# #...##.........#
.....#.##oY#####.##........#
.....ghoYYYY@..........<##
.....#{{######..........#
#... #### ##..........# ..#
............# .
...##.....#.##
.###........######
#.###..#....... ...
#.......... ... ##.........


You could see 5 yaks, a gnoll bouda, a howler monkey, an orc priest and an orc.

Vanquished Creatures
  A yak (D:8)
  Duvessa (D:6)
  A black bear (D:6)
  An orc warrior (D:7)
  2 centaurs
  A gnoll sergeant (D:5)
  5 scorpions
  Dowan (D:6)
  10 wights
  2 howler monkeys
  4 orc priests
  3 hounds
  5 jellies
  5 iguanas
  9 orc wizards
  A hound zombie (D:4)
  4 gnolls (D:5)
  A river rat (D:5)
  14 adders
  5 shadow imps
  2 white imps
  4 ufetubi
  7 worms
  5 dart slugs
  27 orcs
  14 ball pythons
  9 endoplasms
  6 giant cockroaches
  10 goblins
  7 hobgoblins
  3 jackals
  3 quokkas
  3 bats
  6 frilled lizards
  6 kobolds
  A quokka zombie (D:4)
  10 rats
199 creatures vanquished.

Vanquished Creatures (others)
  2 orc wizards (D:5)
2 creatures vanquished.

Grand Total: 201 creatures vanquished

Notes
Turn   | Place    | Note
-------+----------+-------------------------------------------
     0 | D:1      | IdlyInterested the Demonspawn Gladiator began the quest for
                  | the Orb.
     0 | D:1      | Reached XP level 1. HP: 16/16 MP: 1/1
   155 | D:1      | Gained mutation: You have a small tail. [demonic ancestry]
   155 | D:1      | Reached XP level 2. HP: 22/22 MP: 2/2
   383 | D:1      | Reached skill level 1 in Armour
   831 | D:2      | Reached skill level 1 in Shields
   831 | D:2      | Reached XP level 3. HP: 20/27 MP: 3/3
   941 | D:2      | Reached skill level 1 in Stealth
   963 | D:2      | Reached skill level 1 in Evocations
  1077 | D:2      | Gained mutation: You are partially covered in large bone
                  | plates. (SH +4) [demonic ancestry]
  1077 | D:2      | Reached XP level 4. HP: 33/34 MP: 4/4
  2122 | D:4      | Noticed a scorpion
  2141 | D:4      | Killed a scorpion
  2142 | D:4      | Reached XP level 5. HP: 25/42 MP: 5/5
  2232 | D:4      | Found a transporter.
  2252 | D:4      | Found a transporter.
  2424 | D:4      | Reached skill level 2 in Shields
  2590 | D:4      | Reached XP level 6. HP: 18/49 MP: 3/6
  2955 | D:4      | Found a basalt altar of Yredelemnul.
  3306 | D:4      | Reached skill level 5 in Fighting
  3450 | D:5      | Entered Level 5 of the Dungeon
  3590 | D:5      | Found Ipioggus's Jewellery Shop.
  3737 | D:5      | Found a glowing drain.
  3762 | Sewer    | Entered a sewer
  3838 | Sewer    | Gained mutation: You regenerate magic rapidly. [demonic
                  | ancestry]
  3838 | Sewer    | Reached XP level 7. HP: 58/58 MP: 7/7
  3986 | Sewer    | Found a viscous altar of Jiyva.
  4314 | D:5      | Gained mutation: You occasionally shout uncontrollably at
                  | your foes. [potion of mutation]
  4314 | D:5      | Gained mutation: Your mind is acute. (Int +4, Str/Dex -1)
                  | [potion of mutation]
  4383 | D:5      | Found a staircase to the Ecumenical Temple.
  4393 | Temple   | Entered the Ecumenical Temple
  4451 | D:5      | Found a radiant altar of Vehumet.
  4593 | D:5      | Reached skill level 3 in Shields
  5173 | D:5      | Gained mutation: You have a tail ending in a sharp stinger.
                  | [demonic ancestry]
  5173 | D:5      | Reached XP level 8. HP: 67/67 MP: 8/8
  5728 | D:6      | Found a blossoming altar of Fedhas.
  5933 | D:6      | Found a shadowy altar of Dithmenos.
  6189 | D:6      | Found a bloodstained altar of Trog.
  6189 | D:6      | Found a stormy altar of Qazlal.
  6262 | D:6      | Noticed Duvessa
  6264 | D:6      | Noticed Dowan
  6300 | D:6      | Killed Duvessa
  6351 | D:6      | Killed Dowan
  6673 | D:6      | Reached skill level 4 in Shields
  7231 | D:6      | Identified a scroll of acquirement
  7231 | D:6      | Acquired the +0 lajatang of Vengeance {heavy, rF++}
  7234 | D:6      | Reached skill level 11 in Shields
  7234 | D:6      | Reached XP level 9. HP: 74/74 MP: 9/9
  7390 | D:7      | Found Zonk's Weapon Shoppe.
  7470 | D:7      | Reached XP level 10. HP: 9/82 MP: 3/10
  8903 | D:8      | HP: 3/83 [yak (8)]
  8904 | D:8      | Slain by a yak

Illustrated notes

Levels and vault maps discovered:
D:1:      amcnicky_arrival_single_pillar, layout_loops_ring,
          hangedman_feature_mirror, nicolae_figureground_pulse
D:2:      layout_basic
D:3:      layout_loops_cross, elyvilon_altar_1, minmay_statues_item,
          minmay_misc_feat_chi, item_on_display_b
D:4:      gammafunk_wand_slinger, layout_basic, lemuel_zombie_altar_yredelemnul
D:5:      layout_loops_ring, lemuel_coloured_pillars_altar,
          minmay_temple_entry_waves, portal_sewer_entry_e, serial_shops,
          nicolae_shop_behind_doors, dk_noncrumbling_4, lightli_minifort
D:6:      layout_rooms, nicolae_overflow_crystal_walls,
          grunt_temple_overflow_open, uniq_duvessa
D:7:      layout_basic, serial_shops, shop
D:8:      layout_rooms, mainiacjoe_overflow_alcove_4,
          dreamdust_princess_corridor
Temple:   hellmonk_temple_two_chambers

Skill      XL: |  1  2  3  4  5  6  7  8  9 10 |
---------------+-------------------------------+-----
Unarmed Combat | 3 |  3.0
Throwing       | 2 |  2.0
Dodging        | 3 4 |  4.0
Armour         | 1 2 3 4 |  4.0
Shields        | 1 2 3 11 | 11.0
Stealth        | 1 2 |  2.0
Evocations     | 1 2 |  2.0
Fighting       | 4 6 7 8 9 |  9.6

Action                     |  1- 3 |  4- 6 |  7- 9 | 10-12 || total
---------------------------+-------+-------+-------+-------++-------
  Melee: Unarmed           |   140 |   293 |   606 |    82 ||  1121
         Punch             |     4 |    13 |    10 |       ||    27
         Tailslap          |    20 |    45 |   114 |    29 ||   208
         Spear             |       |    16 |       |       ||    16
         Flail             |       |       |     6 |       ||     6
         Short sword       |       |       |    15 |    69 ||    84
  Throw: Stone             |       |     1 |    18 |     5 ||    24
         Javelin           |       |     1 |     3 |     1 ||     5
         Throwing net      |       |       |     3 |       ||     3
         Boomerang         |       |       |     1 |       ||     1
  Evoke: Wand              |       |     5 |     6 |       ||    11
    Use: Potion            |     2 |     3 |    18 |       ||    23
         Scroll            |     1 |     7 |     8 |       ||    16
   Stab: Held in net/web   |       |       |     2 |       ||     2
 Armour: Leather armour    |    20 |       |       |       ||    20
         Ring mail         |    45 |    10 |       |       ||    55
         Plate armour      |       |   257 |   456 |    22 ||   735
         Robe              |       |       |       |    51 ||    51
  Dodge: Dodged            |    78 |    60 |    61 |    53 ||   252
  Block: Other             |       |    53 |    37 |       ||    90
         Kite shield       |       |       |   272 |   113 ||   385

Table legend: (Time is in decaauts)
 A = Elapsed time spent in this place.
 B = Non-inter-level travel time spent in this place.
 C = Inter-level travel time spent in this place.
 D = Time resting spent in this place.
 E = Time spent auto-exploring this place.
 F = Levels seen in this place.
 G = Mean time per level.
                   A        B        C        D        E       F      G
               +--------+--------+--------+--------+--------+-----+--------+
         Total |   8882 |   8313 |    569 |   2167 |   3454 |  10 |  888.2 |
       Dungeon |   8334 |   7765 |    569 |   1985 |   3295 |   8 | 1041.8 |
        Temple |      1 |      1 |      0 |      0 |      0 |   1 |    1.0 |
         Sewer |    546 |    546 |      0 |    182 |    158 |   1 |  546.0 |
               +--------+--------+--------+--------+--------+-----+--------+

Top non-repeatable levels by time:
     D:5: 1716 daAuts
     D:6: 1657 daAuts
     D:7: 1441 daAuts
     D:4: 1324 daAuts
     D:1: 808 daAuts
     D:2: 652 daAuts
     D:3: 647 daAuts
   Sewer: 546 daAuts
     D:8: 86 daAuts
  Temple: 1 daAuts
